 Dungeon Crawl Stone Soup version 0.20.1-1-g8b1a95d (console) character file.

1607 hilaritas the Carver (level 9, 0/91 HPs)
             Began as a Halfling Berserker on Feb 25, 2018.
             Was a Priest of Trog.
             Succumbed to Duvessa's poison
             ... on level 6 of the Dungeon.
             The game lasted 00:16:19 (5264 turns).

hilaritas the Carver (Halfling Berserker)           Turns: 5264, Time: 00:16:20

Health: 0/91       AC: 13    Str: 26    XL:     9   Next: 16%
Magic:  9/9        EV: 16    Int:  5    God:    Trog [***...]
Gold:   299        SH:  2    Dex: 20    Spells: 8/8 levels left

rFire    . . .     SeeInvis .   a - +0 falchion
rCold    . . .     Gourm    .   (shield restricted)
rNeg     . . .     Faith    .   v - +0 chain mail (curse)
rPois    .         Spirit   .   o - +1 helmet
rElec    .         Reflect  +   (no cloak)
rCorr    +         Harm     .   s - +0 pair of gloves
MR       ++...                  j - +0 pair of boots
Stlth    ..........             u - +2 amulet of reflection
Regen    1.3/turn               y - +4 ring of evasion
MPRegen  0.2/turn               r - ring of Existentialism {rCorr Dex+6}

@: berserking (expiring), lethally poisoned (0 -> -18), regenerating, very quick
A: mutation resistance 1
a: Berserk, Trog's Hand, Burn Spellbooks, Renounce Religion


You were on level 6 of the Dungeon.
You worshipped Trog.
Trog was most pleased with you.
You were near starving.

You visited 1 branch of the dungeon, and saw 6 of its levels.

You collected 299 gold pieces.

Inventory:

Hand Weapons
 a - a +0 falchion (weapon)
 g - a +0 short sword
Missiles
 l - 21 sling bullets
 x - 2 tomahawks (quivered)
Armour
 j - a +0 pair of boots (worn)
 o - a +1 helmet (worn)
 s - a +0 pair of gloves (worn)
 v - a cursed +0 chain mail (worn)
Jewellery
 r - the ring of Existentialism (right hand) {rCorr Dex+6}
   (You found it on level 4 of the Dungeon)

   [ring of resist corrosion]

   It affects your dexterity (+6).
 u - a +2 amulet of reflection (around neck)
 y - a +4 ring of evasion (left hand)
Wands
 q - a wand of paralysis (11/24)
Scrolls
 e - 5 scrolls of teleportation
 n - 2 scrolls of remove curse
Potions
 d - 3 potions of lignification
 f - 2 potions of mutation
 i - a potion of degeneration {unknown}
 k - a potion of curing {unknown}
 m - 2 potions of flight
 p - a potion of heal wounds
 t - a potion of magic {unknown}
 w - a potion of might
 z - a potion of brilliance {unknown}
Comestibles
 b - 4 fruits
 c - 2 bread rations
 h - 3 royal jellies


   Skills:
 * Level 5.1 Fighting
 - Level 10.1 Long Blades
 + Level 2.9 Armour
 - Level 2.1 Dodging


You had 8 spell levels left.
You didn't know any spells.

Dungeon Overview and Level Annotations

Branches:
Dungeon (6/15)             Temple (0/1) D:5

Altars:
Cheibriados
Hepliaklqana
Kikubaaqudgha
Nemelex Xobeh
Ru
Trog
Uskayaw
Xom
Yredelemnul
The Shining One


Innate Abilities, Weirdness & Mutations

You are small and have problems with some larger weapons.
You are somewhat resistant to further mutation.


Message History

You feel the effects of Trog's Hand fading.
* * * LOW HITPOINT WARNING * * *
You feel very sick. Duvessa misses you.
You riposte.
You slash Duvessa!
Duvessa is almost dead.
You closely miss Duvessa.
Duvessa is almost dead.
* * * LOW HITPOINT WARNING * * *
You feel sick.
Unknown command.
You hit Duvessa.
You kill Duvessa!
Trog accepts your kill.
Your Fighting skill increases to level 5!
* * * LOW HITPOINT WARNING * * *
You feel sick.
Unknown command.
You are too berserk!
There is a lethal amount of poison in your body!
You die...

### ..# #.# # #
##.### .. #.
.$.. ...#.##..#
.........######
.......)[.....#
..#....@......#
#..###......#
...( #......#
..#..###......#
. ............#
#.###..<....#
#########


There were no monsters in sight!

Vanquished Creatures
  Sigmund (D:2)
  Edmund (D:4)
  Duvessa (D:6)
  3 ogres
  Dowan (D:6)
  5 crimson imps (D:5)
  4 orc priests
  A jelly (D:5)
  3 hounds
  Jessica (D:3)
  Terence (D:3)
  2 iguanas
  6 orc wizards
  3 worker ants (D:5)
  A gnoll (D:2)
  8 adders
  A shadow imp (D:5)
  3 oozes
  2 adder zombies (D:5)
  2 dart slugs
  3 leopard geckos
  17 orcs
  5 bats
  6 giant cockroaches
  3 hobgoblins
  3 jackals (D:1)
  8 kobolds
  A quokka (D:2)
  A ball python (D:4)
  7 frilled lizards
  4 goblins
  A leopard gecko skeleton (D:5)
  5 rats
114 creatures vanquished.

Notes
Turn   | Place    | Note
-------+----------+-------------------------------------------
     0 | D:1      | hilaritas the Halfling Berserker began the quest for the Orb.
     0 | D:1      | Reached XP level 1. HP: 15/15 MP: 1/1
   332 | D:1      | Reached XP level 2. HP: 20/20 MP: 2/2
   594 | D:1      | Reached XP level 3. HP: 23/25 MP: 3/3
   935 | D:2      | Reached skill level 4 in Long Blades
  1056 | D:2      | Reached XP level 4. HP: 31/31 MP: 4/4
  1105 | D:2      | Found a sparkling altar of Nemelex Xobeh.
  1485 | D:2      | Reached ** piety under Trog
  1559 | D:2      | Noticed Sigmund
  1572 | D:2      | Killed Sigmund
  1572 | D:2      | Reached skill level 6 in Long Blades
  1572 | D:2      | Reached XP level 5. HP: 35/36 MP: 5/5
  1572 | D:2      | Reached XP level 6. HP: 41/42 MP: 6/6
  1817 | D:3      | Noticed Jessica
  1820 | D:3      | Killed Jessica
  1932 | D:3      | Found a sacrificial altar of Ru.
  2135 | D:3      | Noticed Terence
  2151 | D:3      | Killed Terence
  2374 | D:4      | Noticed an ogre
  2375 | D:4      | Found a hide-covered altar of Uskayaw.
  2377 | D:4      | Found a glowing golden altar of the Shining One.
  2387 | D:4      | Killed an ogre
  2387 | D:4      | Reached XP level 7. HP: 33/47 MP: 7/7
  2479 | D:4      | Found an ancient bone altar of Kikubaaqudgha.
  2479 | D:4      | Found a hazy altar of Hepliaklqana.
  2479 | D:4      | Found a snail-covered altar of Cheibriados.
  2479 | D:4      | Found a bloodstained altar of Trog.
  2480 | D:4      | Found a basalt altar of Yredelemnul.
  2482 | D:4      | Got a scorched lapis lazuli ring
  2486 | D:4      | Identified the ring of Existentialism {rCorr Dex+6} (You found it on level 4 of the Dungeon)
  2545 | D:4      | Reached skill level 7 in Long Blades
  2824 | D:4      | Noticed Edmund
  2838 | D:4      | Killed Edmund
  3315 | D:4      | Reached skill level 8 in Long Blades
  3372 | D:4      | Reached XP level 8. HP: 39/54 MP: 8/8
  3696 | D:5      | Entered Level 5 of the Dungeon
  3727 | D:5      | Found a shimmering altar of Xom.
  3788 | D:5      | Reached *** piety under Trog
  3829 | D:5      | Reached skill level 9 in Long Blades
  4620 | D:5      | Found a staircase to the Ecumenical Temple.
  5112 | D:5      | Reached skill level 10 in Long Blades
  5112 | D:5      | Reached XP level 9. HP: 52/59 MP: 9/9
  5237 | D:6      | Noticed Duvessa
  5237 | D:6      | Noticed Dowan
  5250 | D:6      | Killed Dowan
  5259 | D:6      | HP: 8/88 [Duvessa/short sword of venom (5)]
  5262 | D:6      | HP: 3/88 [poisoned by Duvessa]
  5263 | D:6      | Killed Duvessa
  5263 | D:6      | Reached skill level 5 in Fighting
  5264 | D:6      | Succumbed to Duvessa's poison

Skill      XL: |  1  2  3  4  5  6  7  8  9 |
---------------+----------------------------+-----
Fighting       | 3 4 5 |  5.1
Long Blades    | 4 6 8 10 | 10.1
Armour         | |  2.9
Dodging        | |  2.1

Action                   |  1- 3 |  4- 6 |  7- 9 || total
-------------------------+-------+-------+-------++-------
Melee: Falchion          |    67 |    87 |   366 ||   520
Throw: Tomahawk          |       |       |     2 ||     2
Invok: Berserk           |       |     2 |     2 ||     4
       Trog's Hand       |       |     1 |     2 ||     3
  Use: Scroll            |     4 |     4 |     3 ||    11
       Potion            |       |     1 |       ||     1
 Stab: Sleeping          |       |     1 |       ||     1
  Eat: Chunk             |       |     7 |    10 ||    17
       Fruit             |       |       |     1 ||     1
Armor: Ring mail         |    18 |    14 |       ||    32
       Animal skin       |     1 |       |       ||     1
       Leather armour    |       |    20 |     7 ||    27
       Chain mail        |       |       |   113 ||   113
Dodge: Dodged            |    49 |    73 |   175 ||   297
Block: Other             |       |       |    23 ||    23
       Rpst.: Falchion   |    14 |    25 |    53 ||    92
